 Dungeon Crawl Stone Soup version 0.26.1-11-gd32895ea62 (webtiles) character file.

Game seed: 12438405325033141396

3784 Tirrikindir the Carver (level 10, -3/65 HPs)
             Began as an Octopode Fighter on June 21, 2021.
             Was an Initiate of Gozag.
             Slain by a troll (8 damage)
             ... on level 9 of the Dungeon.
             The game lasted 00:19:48 (11788 turns).

Tirrikindir the Carver (Octopode Fighter)          Turns: 11788, Time: 00:19:48

Health: -3/65      AC:  5    Str: 16    XL:     10   Next: 16%
Magic:  10/10      EV: 14    Int: 11    God:    Gozag
Gold:   319        SH: 10    Dex: 14    Spells: 9/9 levels left

rFire    . . .     SeeInvis .   a - +0 long sword
rCold    . . .     Faith    .   b - +0 kite shield
rNeg     . . .     Spirit   .   (helmet restricted)
rPois    +         Reflect  .   j - amulet of the acrobat
rElec    .         Harm     .   o - ring of poison resistance
rCorr    .         Rampage  .   y - +4 ring of protection
Will     .....                  (no ring)
Stlth    ++++......             (no ring)
HPRegen  0.20/turn              (no ring)
MPRegen  0.12/turn              (no ring)
                                (no ring)
                                (no ring)

@: gold aura
A: almost no armour, stealthy swim, amphibious, 8 rings, constrict 8, camouflage
1, gelatinous body 1
a: Renounce Religion, Potion Petition, Call Merchant, Bribe Branch


You were on level 9 of the Dungeon.
You worshipped Gozag.
Gozag was aware of your devotion.
You visited 2 branches of the dungeon, and saw 10 of its levels.

You collected 1030 gold pieces.
You spent 224 gold pieces at shops.
You paid 487 gold pieces to Gozag.

Inventory:

Hand Weapons
 a - a +0 long sword (weapon)
 s - a +0 rapier
Missiles
 e - 37 poisoned darts (quivered)
Armour
 b - a +0 kite shield (worn)
Jewellery
 j - an amulet of the acrobat (around mantle)
 l - an uncursed amulet of magic regeneration
 o - a ring of poison resistance (left tentacle)
 y - a +4 ring of protection (right tentacle)
Wands
 c - a wand of digging (7)
 p - a wand of flame (11)
 q - a wand of iceblast (17)
Scrolls
 h - 3 scrolls of teleportation
 i - 5 scrolls of amnesia
 k - 3 scrolls of remove curse
 t - a scroll of holy word {unknown}
 u - 2 scrolls of immolation
 v - a scroll of silence {unknown}
 w - 2 scrolls of enchant armour {unknown}
 x - 2 scrolls of fog
 z - a scroll of enchant weapon {unknown}
 A - a scroll of magic mapping {unknown}
 B - 2 scrolls of blinking {unknown}
 D - a scroll of summoning {unknown}
Potions
 d - 5 potions of flight
 g - a potion of curing
 m - 3 potions of brilliance
 n - 2 potions of resistance
 r - a potion of cancellation
 C - a potion of mutation {unknown}
 E - a potion of haste {unknown}


   Skills:
 + Level 4.8 Fighting
 * Level 8.9 Long Blades
 * Level 5.5 Dodging
 + Level 5.4 Stealth
 * Level 5.4 Shields
 - Level 8.2 Evocations


You had 9 spell levels left.
You didn't know any spells.
Your spell library contained the following spells:

 Spells                   Type           Power        Failure   Level
 Magic Dart               Conj           0%           77%         1
 Blink                    Tloc           N/A          88%         2
 Call Imp                 Summ           0%           88%         2
 Slow                     Hex            0%           88%         2
 Conjure Flame            Conj/Fire      0%           98%         3
 Mephitic Cloud           Conj/Pois/Air  0%           98%         3


Dungeon Overview and Level Annotations

Branches:
Dungeon (9/15)             Temple (1/1) D:6
   Lair: D:8-11         Orc: D:9-12

Altars:
Ashenzari
Cheibriados
Dithmenos
Elyvilon
Fedhas
Gozag
Hepliaklqana
Kikubaaqudgha
Makhleb
Nemelex Xobeh
Okawaru
Qazlal
Ru
Sif Muna
Trog
Uskayaw
Vehumet
Wu Jian
Xom
Yredelemnul
Zin
The Shining One

Shops:
D:5 *   D:6 *


Innate Abilities, Weirdness & Mutations

You cannot wear most types of armour.
You are very stealthy in the water. (Stealth+)
You are amphibious.
You can wear up to eight rings at the same time.
You can use your tentacles to constrict eight enemies at once.
Your skin changes colour to match your surroundings (Stealth+).
Your rubbery body absorbs attacks. (AC +1, EV +1)


Message History

The troll bites you!!
* * * LOW HITPOINT WARNING * * *
You block the troll's attack. The troll barely misses you.
Your shield prevents you from hitting the troll.
Your squeeze misses the troll.
The troll is heavily wounded.
The troll closely misses you.
You riposte.
You hit the troll.
You squeeze the troll, but do no damage.
The troll is heavily wounded.
You block the troll's attack. The troll claws you.
* * * LOW HITPOINT WARNING * * *
Okay, then.
You closely miss the troll.
The troll is heavily wounded.
You block the troll's attack. x2; The troll barely misses you.
You barely miss the troll.
The troll is heavily wounded.
The troll bites you!
You die...
Your body crumbles into a pile of gold.

# #..# #.# # #
##'### #.###
########....# #...#
.......'....#
####'###
########....#
#[..<..# #....#
#......# #....###
#......+
#....')######......#
#.h..#.hT@..'......#
#############......#
#......# ##'#####
#...# ###.# #.# ####
######.## ...#
#..)....#


You could see a troll and a black bear.

Vanquished Creatures
  Prince Ribbit (D:6)
  Grinder (D:5)
  A wyvern (D:8)
  Eustachio (D:5)
  Edmund (D:4)
  2 ice beasts
  2 orc warriors (D:9)
  2 sky beasts
  3 phantoms
  3 ogres
  3 centaurs
  The ghost of buriedalive the Chiller, an amateur DEIE (D:3)
  Blork the orc (D:4)
  3 bullfrogs
  A gnoll sergeant (D:7)
  3 scorpions
  An electric eel (D:8)
  A centaur zombie (D:4)
  A quasit (D:9)
  3 bullfrog zombies
  3 hounds
  Crazy Yiuf (D:5)
  3 orc priests
  10 orc wizards
  Terence (D:2)
  Ijyb (D:5)
  5 worker ants
  A hound skeleton (D:9)
  2 hound zombies (D:4)
  3 gnolls (D:7)
  12 adders
  2 white imps
  An ufetubus (D:6)
  An adder zombie (D:9)
  3 oozes
  4 worms
  3 dart slugs (D:1)
  3 leopard geckos
  23 orcs
  2 ball pythons (D:3)
  9 bats
  6 giant cockroaches
  4 hobgoblins
  7 jackals (D:1)
  2 quokkas (D:4)
  4 frilled lizards
  A giant cockroach zombie (D:4)
  9 goblins
  7 kobolds
  A leopard gecko skeleton (D:5)
  A quokka skeleton (D:4)
  A quokka zombie (D:4)
  5 rats
176 creatures vanquished.

Vanquished Creatures (others)
  7 withered plants (D:4)
7 creatures vanquished.

Grand Total: 183 creatures vanquished

Notes
Turn   | Place    | Note
-------+----------+-------------------------------------------
     0 | D:1      | Tirrikindir the Octopode Fighter began the quest for the
                  | Orb.
     0 | D:1      | Reached XP level 1. HP: 16/16 MP: 1/1
    42 | D:1      | Reached XP level 2. HP: 13/21 MP: 2/2
   146 | D:1      | Reached skill level 1 in Stealth
   457 | D:1      | Reached XP level 3. HP: 26/26 MP: 3/3
  1433 | D:2      | Reached XP level 4. HP: 26/31 MP: 4/4
  1629 | D:2      | You fall into a shaft and drop 1 floor!
  1757 | D:3      | Reached XP level 5. HP: 29/36 MP: 5/5
  2195 | D:3      | Found a large runed translucent door.
  2196 | D:3      | Found a large runed translucent door.
  2198 | D:3      | Noticed buriedalive's ghost (amateur DEIE)
  2401 | D:2      | Noticed Terence
  2410 | D:2      | Killed Terence
  2997 | D:3      | You fall into a shaft and drop 1 floor!
  3025 | D:4      | Reached XP level 6. HP: 39/43 MP: 6/6
  3359 | D:3      | Killed buriedalive's ghost
  3903 | D:4      | Reached XP level 7. HP: 29/48 MP: 7/7
  4078 | D:4      | Noticed Blork the orc
  4081 | D:4      | Found a broken altar of Ashenzari.
  4093 | D:4      | Killed Blork the orc
  4094 | D:4      | Reached skill level 5 in Long Blades
  4280 | D:4      | Reached skill level 1 in Evocations
  4544 | D:4      | Noticed Edmund
  4551 | D:4      | Killed Edmund
  4738 | D:4      | Reached XP level 8. HP: 41/54 MP: 8/8
  5113 | D:5      | Entered Level 5 of the Dungeon
  5113 | D:5      | Noticed Eustachio
  5131 | D:5      | Killed Eustachio
  5167 | D:5      | Noticed Ijyb
  5177 | D:5      | Killed Ijyb
  5666 | D:5      | Noticed Grinder
  5676 | D:5      | Killed Grinder
  5739 | D:5      | Found a runed translucent door.
  5740 | D:5      | Noticed Crazy Yiuf
  5748 | D:5      | Killed Crazy Yiuf
  5792 | D:5      | Found Unipni Lymu's Lightly-Used Armoury.
  5941 | D:5      | Reached skill level 5 in Evocations
  6412 | D:6      | Found a staircase to the Ecumenical Temple.
  6421 | Temple   | Entered the Ecumenical Temple
  6541 | Temple   | Became a worshipper of Gozag Ym Sagoz the Greedy
  6675 | D:6      | Noticed Prince Ribbit
  6688 | D:6      | Killed Prince Ribbit
  6689 | D:6      | Reached XP level 9. HP: 25/58 MP: 9/9
  7111 | D:6      | Found Xuasoet's Assorted Antiques.
  7140 | D:6      | Bought a scroll labelled ASSOFF SIEFIAH for 28 gold pieces
  7140 | D:6      | Bought a scroll labelled UTOMNASUIC for 28 gold pieces
  7140 | D:6      | Bought a golden ring for 140 gold pieces
  7140 | D:6      | Bought a scroll labelled UTOMNASUIC for 28 gold pieces
  8101 | D:7      | Found an ancient bone altar of Kikubaaqudgha.
  8243 | D:7      | Found a bloodstained altar of Trog.
  9925 | D:8      | Found a blossoming altar of Fedhas.
 10761 | D:9      | Reached skill level 5 in Dodging
 10761 | D:9      | Reached skill level 5 in Stealth
 10768 | D:9      | Reached skill level 5 in Shields
 10850 | D:9      | Reached XP level 10. HP: 47/65 MP: 10/10
 11467 | D:9      | Noticed a two-headed ogre
 11788 | D:9      | Slain by a troll

Illustrated notes

Levels and vault maps discovered:
D:1:      elethiomel_arrival_shortcut, layout_rooms
D:2:      layout_rooms, serial_co_window_serial, co_window_paths_b,
          co_window_paths_a, co_window_of_opportunity_a, co_window_paths_b,
          co_window_paths_a, co_window_broadway_b, co_window_corner_ca,
          co_window_paths_c, co_window_broadway_c, co_window_cross_4,
          co_window_corner_cb, co_window_corner_ca, glass_columns_c,
          glass_columns_b, glass_columns_a, glass_columns_c, uniq_terence
D:3:      layout_basic, ebering_ghost_disaster_area
D:4:      minmay_octagon_keep, layout_loops_ring, old_standard_altar,
          serial_undead, serial_undead_b, serial_undead_b, serial_undead_b,
          serial_undead_d, nrook_mini_vaults, kennysheep_potato, uniq_edmund,
          uniq_blork_the_orc
D:5:      layout_basic, minmay_shop_damaged, uniq_grinder, uniq_ijyb,
          uniq_crazy_yiuf_cottage, uniq_eustachio
D:6:      layout_loops_ring, minmay_temple_entry_mist, serial_shops, shop_coins,
          uniq_prince_ribbit1
D:7:      layout_gridville, basic_altar, bloody_trog
D:8:      layout_basic, kennysheep_minor_cross, hangedman_decor_slide_cut,
          fedhas_altar_2
D:9:      layout_roguey, basic_altar
Temple:   kilobyte_greek_temple

Skill      XL: |  1  2  3  4  5  6  7  8  9 |
---------------+----------------------------+-----
Stealth        | 1 2 3 4 5 |  5.4
Long Blades    | 3 4 6 8 |  8.9
Fighting       | 4 |  4.8
Dodging        | 4 5 |  5.5
Shields        | 4 5 |  5.4
Evocations     | 2 6 8 |  8.2

Action                   |  1- 3 |  4- 6 |  7- 9 | 10-12 || total
-------------------------+-------+-------+-------+-------++-------
Melee: Long sword        |    64 |   113 |   263 |    50 ||   490
       Constrict         |    24 |    37 |    47 |    10 ||   118
       Tentacles         |    11 |    30 |    67 |    12 ||   120
Throw: Dart              |       |     2 |     3 |       ||     5
Invok: Potion Petition   |       |       |     1 |       ||     1
Evoke: Wand              |       |       |       |     1 ||     1
  Use: Scroll            |     5 |     3 |     5 |     3 ||    16
       Potion            |       |     4 |     4 |     1 ||     9
 Stab: Sleeping          |     3 |     4 |    18 |     1 ||    26
       Distracted        |       |       |     1 |       ||     1
Armor: Skin              |     6 |     8 |    18 |     4 ||    36
Dodge: Dodged            |    27 |    65 |   106 |    30 ||   228
Block: Kite shield       |    35 |    57 |    87 |    23 ||   202
       Rpst.: Long sword |     5 |    20 |    28 |     8 ||    61
